 Dungeon Crawl Stone Soup version 0.27-a0-346-ga689d4a613 (webtiles) character file.

Game seed: 10065931357917657647

109 wakim the Shield-Bearer (level 4, -1/41 HPs)
             Began as a Minotaur Fighter on Feb 15, 2021.
             Blown up by Ijyb (9 damage)
             ... with a mindburst bolt
             ... on level 3 of the Dungeon.
             The game lasted 00:05:23 (2318 turns).

wakim the Shield-Bearer (Minotaur Fighter)          Turns: 2318, Time: 00:05:24

Health: -1/41      AC: 12    Str: 21    XL:     4   Next: 60%
Magic:  3/3        EV:  4    Int:  5    God:
Gold:   56         SH:  9    Dex: 10    Spells: 3/3 levels left

rFire    + . .     SeeInvis .   a - +0 war axe
rCold    . . .     Faith    .   c - +0 kite shield
rNeg     . . .     Spirit   .   m - +0 plate armour
rPois    .         Reflect  .   (helmet restricted)
rElec    .         Harm     .   (no cloak)
rCorr    .         Rampage  .   (no gloves)
Will     .....                  (no boots)
Stlth    ..........             (no amulet)
HPRegen  0.13/turn              j - ring of protection from fire
MPRegen  0.08/turn              (no ring)

@: no status effects
A: retaliatory headbutt, horns 2
a: no special abilities


You were on level 3 of the Dungeon.
You visited 1 branch of the dungeon, and saw 3 of its levels.

You collected 56 gold pieces.

Inventory:

Hand Weapons
 a - a +0 war axe (weapon)
Missiles
 b - 14 poisoned darts (quivered)
Armour
 c - a +0 kite shield (worn)
 m - a +0 plate armour (worn)
Jewellery
 j - a ring of protection from fire (left hand)
Scrolls
 f - 3 scrolls of identify
 i - 3 scrolls of enchant weapon {unknown}
 k - 2 scrolls of teleportation {unknown}
 n - a scroll of magic mapping {unknown}
 o - a scroll of amnesia {unknown}
 p - a scroll of enchant armour {unknown}
 q - a scroll of fog {unknown}
Potions
 d - a potion of might
 e - 3 potions of curing
 g - 2 potions of brilliance {unknown}
 h - 2 potions of flight
 l - 2 potions of lignification {unknown}


   Skills:
 * Level 4.5 Fighting
 + Level 3.1 Axes
 * Level 4.6 Armour
 * Level 4.7 Shields


You had 3 spell levels left.
You didn't know any spells.
Your spell library was empty.

Dungeon Overview and Level Annotations

Branches:
Dungeon (3/15)

Altars:
Nemelex Xobeh
Vehumet

Annotations:
D:3 Ijyb


Innate Abilities, Weirdness & Mutations

You reflexively headbutt those who attack you in melee.
You have a pair of horns on your head.


Message History

You miss the bat. You headbutt the bat.
You kill the bat!
No target in view!
No target in view!
No target in view!
No target in view!
No target in view!
No target in view!
No target in view!
q - a scroll labelled TUOFI GABBODD
b - 18 poisoned darts (gained 8)
A hobgoblin and Ijyb come into view.
Ijyb is wielding a +0 dagger and carrying a wand of mindburst (11).
Ijyb shouts!
The hobgoblin shouts!
A rat comes into view.
You throw a poisoned dart. The poisoned dart hits the hobgoblin.
The hobgoblin is poisoned.
You throw a poisoned dart.
The poisoned dart barely misses the hobgoblin.
You throw a poisoned dart. The poisoned dart closely misses Ijyb.
You throw a poisoned dart. The poisoned dart barely misses Ijyb.
Ijyb zaps a wand.
Your mind is blasted!
You are too injured to fight recklessly!
Unknown command.
Ijyb hits you but does no damage. The hobgoblin hits you with a +0 club.
You closely miss Ijyb. You hit the hobgoblin.
You kill the hobgoblin!
You block Ijyb's attack. x2
You closely miss Ijyb. You closely miss the rat. You block Ijyb's attack.
The rat bites you but does no damage. Ijyb hits you but does no damage.
You barely miss Ijyb. You hit the rat but do no damage.
The rat bites you but does no damage.
Ijyb zaps a wand.
Your mind is blasted!
* * * LOW HITPOINT WARNING * * *
The rat bites you but does no damage.
You slash Ijyb!
Ijyb is moderately wounded.
You hit the rat.
You kill the rat!
Ijyb zaps a wand.
Your mind is blasted!
You die...

#........##
#.(....(..#
#.........#
#.......... #........
#.?.... #.#)g####.#
#..@......#
###.#######
#####.##### #+#
#.........# #.#
#.........## #.#
#..........#####.####
#..>................#
#.......†...##......#
#...........###...#.##


You could see Ijyb.

Vanquished Creatures
  Terence (D:2)
  2 adders
  3 worms (D:2)
  A dart slug (D:3)
  2 leopard geckos (D:2)
  A ball python (D:2)
  5 bats
  2 giant cockroaches
  4 goblins
  10 hobgoblins
  6 jackals (D:2)
  A quokka (D:2)
  6 kobolds
  8 rats
52 creatures vanquished.

Notes
Turn   | Place    | Note
-------+----------+-------------------------------------------
     0 | D:1      | wakim the Minotaur Fighter began the quest for the Orb.
     0 | D:1      | Reached XP level 1. HP: 19/19 MP: 0/0
   262 | D:1      | Reached XP level 2. HP: 27/27 MP: 1/1
   832 | D:2      | Noticed Terence
   849 | D:2      | Killed Terence
   850 | D:2      | Reached XP level 3. HP: 21/33 MP: 2/2
  1006 | D:2      | Found a faded altar of an unknown god.
  1362 | D:2      | Reached XP level 4. HP: 40/40 MP: 3/3
  1613 | D:2      | Found a radiant altar of Vehumet.
  1634 | D:2      | Found a sparkling altar of Nemelex Xobeh.
  2308 | D:3      | Noticed Ijyb
  2318 | D:3      | Blown up by Ijyb

Illustrated notes

Levels and vault maps discovered:
D:1:      wander_arrival_desolate, layout_loops_corners
D:2:      layout_loops_corners, nicolae_overflow_crystal_walls,
          lemuel_round_altar, chequers_ecumenical_altar_twisty, uniq_terence
D:3:      layout_loops_corners, gammafunk_ghost_necromancy, uniq_ijyb,
          uniq_jessica

Skill      XL: |  1  2  3 |
---------------+----------+-----
Shields        | 4 |  4.7
Armour         | 4 |  4.6
Fighting       | 4 |  4.5
Axes           | 3 |  3.1

Action                   |  1- 3 |  4- 6 || total
-------------------------+-------+-------++-------
Melee: War axe           |    71 |    57 ||   128
       Headbutt          |     8 |     9 ||    17
Throw: Dart              |     3 |     8 ||    11
  Use: Scroll            |     3 |       ||     3
Armor: Scale mail        |    20 |       ||    20
       Chain mail        |       |    26 ||    26
       Plate armour      |       |    17 ||    17
Dodge: Dodged            |    15 |    14 ||    29
Block: Kite shield       |    44 |    41 ||    85

Table legend: (Time is in decaauts)
 A = Elapsed time spent in this place.
 B = Non-inter-level travel time spent in this place.
 C = Inter-level travel time spent in this place.
 D = Time resting spent in this place.
 E = Time spent auto-exploring this place.
 F = Levels seen in this place.
 G = Mean time per level.
                   A        B        C        D        E       F      G
               +--------+--------+--------+--------+--------+-----+--------+
         Total |   2392 |   2328 |     64 |    154 |   1688 |   3 |  797.3 |
       Dungeon |   2392 |   2328 |     64 |    154 |   1688 |   3 |  797.3 |
               +--------+--------+--------+--------+--------+-----+--------+

Top non-repeatable levels by time:
     D:2: 1165 daAuts
     D:1: 824 daAuts
     D:3: 402 daAuts
